 Dungeon Crawl Stone Soup version 0.28.0-53-g5a82cb258f (webtiles) character file.

Game seed: 12520285494648851273

70 mcbry74 the Vexing (level 4, -13/32 HPs)
             Began as a Formicid Arcane Marksman on July 8, 2022.
             Was a Follower of Kikubaaqudgha.
             Killed from afar by Ijyb (22 damage)
             ... with a bolt of acid
             ... on level 3 of the Dungeon.
             The game lasted 00:11:11 (2342 turns).

mcbry74 the Vexing (Formicid Arcane Marksman)       Turns: 2342, Time: 00:11:12

Health: -13/32     AC: -6    Str: 15    XL:     4   Next: 45%
Magic:  5/5        EV: 12    Int: 14    God:    Kikubaaqudgha [*.....]
Gold:   57         SH:  0    Dex: 11    Spells: 1/5 levels left

rFire   . . .      SeeInvis +   a - +0 hand crossbow
rCold   . . .      Faith    .   (no shield)
rNeg    . . .      Spirit   .   d - +0 robe
rPois   .          Reflect  .   (helmet unavailable)
rElec   .          Harm     .   (no cloak)
rCorr   .          Rampage  .   (no gloves)
Will    .....                   (no boots)
Stlth   +.........              q - amulet of regeneration
HPRegen 0.90/turn               (no ring)
MPRegen 0.09/turn               (no ring)

@: corroded
A: permanent stasis, dig shafts and tunnels, antennae 3, four strong arms
a: Dig, Shaft Self, Renounce Religion, Receive Corpses


You were on level 3 of the Dungeon.
You worshipped Kikubaaqudgha.
Kikubaaqudgha was aware of your devotion.
You visited 1 branch of the dungeon, and saw 3 of its levels.

You collected 57 gold pieces.

Inventory:

Hand Weapons
 a - a +0 hand crossbow (weapon)
Missiles
 b - 98 stones
 c - a bolt (quivered ammo)
Armour
 d - a +0 robe (worn)
 p - a +0 chain mail
Jewellery
 q - an amulet of regeneration (around neck)
Scrolls
 f - 5 scrolls of identify {unknown}
 g - 2 scrolls of teleportation {unknown}
 h - a scroll of vulnerability {unknown}
 j - a scroll of immolation {unknown}
 l - a scroll of amnesia {unknown}
 o - a scroll of fear {unknown}
Potions
 i - a potion of brilliance {unknown}
 k - a potion of berserk rage {unknown}
 m - a potion of might {unknown}
 n - a potion of lignification {unknown}


   Skills:
 - Level 1.1 Fighting
 * Level 3.6 Crossbows
 - Level 1.7 Dodging
 - Level 1.1 Spellcasting
 - Level 4.1 Hexes
 + Level 1.1 Necromancy
 + Level 0.8 Ice Magic


You had one spell level left.
You knew the following spells:

 Your Spells              Type           Power      Damage    Failure   Level
a - Slow                  Hex            48%        N/A       4%          1
b - Animate Skeleton      Necr           6%         N/A       17%         1
c - Ensorcelled Hibernat  Hex/Ice        14%        N/A       14%         2

Your spell library contained the following spells:

 Spells                   Type           Power      Damage    Failure   Level
 Pain                     Necr           12%        1d4       17%         1
 Sublimation of Blood     Necr           3%         N/A       26%         2
 Inner Flame              Hex/Fire       6%         N/A       32%         3
 Portal Projectile        Hex/Tloc       12%        N/A       32%         3
 Cause Fear               Hex            6%         N/A       43%         4
 Agony                    Necr           3%         N/A       99%         5
 Necromutation            Tmut/Necr      1%         N/A       100%        8
 Polar Vortex             Ice            1%         N/A       100%        9


Dungeon Overview and Level Annotations

Branches:
Dungeon (3/15)

Altars:
Kikubaaqudgha

Annotations:
D:2 1 runed translucent door, Crazy Yiuf
D:3 Ijyb


Innate Abilities, Weirdness & Mutations

You cannot be hasted, slowed, berserked, paralysed or teleported.
You can dig through walls and to a lower floor.
You have a pair of large antennae on your head. (SInv)
Your four strong arms can wield two-handed weapons with a shield.


Message History

[Y]es or [N]o only, please.
Really attack while wielding your +0 hand crossbow? [Y]es or [N]o only, please.
Really attack while wielding your +0 hand crossbow? [Y]es or [N]o only, please.
Really attack while wielding your +0 hand crossbow?
You clumsily bash Ijyb but do no damage.
Ijyb is almost dead.
Ijyb zaps a wand.
The bolt of acid misses you. Ijyb misses you.
You clumsily bash Ijyb but do no damage.
Ijyb is almost dead.
Ijyb hits you with a +0 club.
You barely miss Ijyb.
Ijyb is almost dead.
Ijyb barely misses you. Ijyb closely misses you.
You clumsily bash Ijyb but do no damage.
Ijyb is almost dead.
Ijyb closely misses you.
You clumsily bash Ijyb but do no damage.
Ijyb is almost dead.
Ijyb grins evilly.
Ijyb closely misses you.
Ijyb zaps a wand.
The bolt of acid misses you.
You barely miss Ijyb.
Ijyb is almost dead.
Ijyb hits you with a +0 club.
You closely miss Ijyb.
Ijyb is almost dead.
Ijyb zaps a wand.
The bolt of acid hits you! The acid corrodes you! Ijyb misses you.
You clumsily bash Ijyb but do no damage.
Ijyb is almost dead.
Ijyb hits you with a +0 club.
You clumsily bash Ijyb but do no damage.
Ijyb is almost dead.
Ijyb zaps a wand.
The bolt of acid hits you!
* * * LOW HITPOINT WARNING * * *
The acid corrodes you!
Ijyb zaps a wand.
The bolt of acid hits you!!
Ouch! That really hurt!
You die...
Kikubaaqudgha rasps: "You have failed me!
Welcome... death!"

......?
...(..!..#
.........#
..)......#
.........
.........
......(.#####
..(....rg@.>#
######.#####
##.## #.#
..... #.# ...
#.# ... #.#
#.# #.# #.#
#.#
##.########.#


You could see Ijyb and a quokka.

Vanquished Creatures
  2 adders (D:2)
  2 dart slugs
  An orc (D:3)
  4 ball pythons
  2 bats (D:1)
  7 endoplasms
  2 giant cockroaches
  7 hobgoblins
  3 kobolds (D:1)
  4 frilled lizards
  5 goblins
  4 rats (D:1)
43 creatures vanquished.

Notes
Turn   | Place    | Note
-------+----------+-------------------------------------------
     0 | D:1      | mcbry74 the Formicid Arcane Marksman began the quest for
                  | the Orb.
     0 | D:1      | Reached XP level 1. HP: 15/15 MP: 2/2
   331 | D:1      | Reached XP level 2. HP: 19/21 MP: 3/3
   488 | D:1      | Reached skill level 4 in Hexes
   580 | D:1      | Got Roroytol's Catalogue of the Frostbite and Sinister
                  | Magic
   709 | D:1      | Reached XP level 3. HP: 26/26 MP: 4/4
   777 | D:1      | Found a faded altar of an unknown god.
   785 | D:1      | Prayed at the altar of an unknown god.
   785 | D:1      | Became a worshipper of Kikubaaqudgha
   785 | D:1      | Reached * piety under Kikubaaqudgha
   785 | D:1      | Received a gift from Kikubaaqudgha
  1107 | D:1      | Learned a level 1 spell: Animate Skeleton
  1110 | D:1      | Learned a level 2 spell: Ensorcelled Hibernation
  1566 | D:2      | Reached XP level 4. HP: 30/32 MP: 3/5
  1644 | D:2      | Found a runed translucent door.
  1645 | D:2      | Noticed Crazy Yiuf
  1707 | D:2      | Reached skill level 1 in Necromancy
  2305 | D:3      | Noticed Ijyb
  2342 | D:3      | Killed from afar by Ijyb

Illustrated notes

Levels and vault maps discovered:
D:1:      psy_arrival_conway, layout_basic, ebering_ecumenical_altar_petrified,
          chequers_serial_rivers_marsh
D:2:      layout_basic, uniq_crazy_yiuf_cottage
D:3:      layout_basic, serial_bayou_pond_d, uniq_ijyb

Skill      XL: |  1  2  3  4 |
---------------+-------------+-----
Hexes          | 4 |  4.1
Crossbows      | 3 |  3.6
Necromancy     | 1 |  1.1
Fighting       | |  1.1
Dodging        | |  1.7
Spellcasting   | |  1.1
Ice Magic      | |  0.8

Action                   |  1- 3 |  4- 6 || total
-------------------------+-------+-------++-------
Melee: Hand crossbow     |       |    11 ||    11
 Fire: Hand crossbow     |    65 |    36 ||   101
 Cast: Slow              |    12 |     5 ||    17
       Animate Skeleton  |       |     1 ||     1
       Ensorcelled Hiber |       |     1 ||     1
  Use: Potion            |       |     1 ||     1
Armor: Robe              |     6 |     2 ||     8
Dodge: Dodged            |    12 |    17 ||    29
